 Dungeon Sprint DCSS version 0.27-a0-79-gcaaa221d37 (webtiles) character file.

Game seed: 9516561494514127628

8467 rocky1 the Geomancer (level 11, -2/91 HPs)
             Began as a Green Draconian Earth Elementalist on Jan 15, 2021.
             Was the Champion of Sif Muna.
             Slain by a vampire knight
             ... wielding a +0 great mace
              (9 damage)
             ... while paralysed by a great orb of eyes
             ... in the Dungeon (Sprint VII: "The Pits").
             The game lasted 00:16:47 (2288 turns).

rocky1 the Geomancer (DrEE)                         Turns: 2288, Time: 00:16:47

Health: -2/91      AC:  8    Str: 10    XL:     11   Next: 10%
Magic:  19/26      EV:  2    Int: 18    God:    Sif Muna [******]
Gold:   0          SH:  0    Dex: 13    Spells: 13/32 levels left

rFire    . . .     SeeInvis .   n - +1 quarterstaff (protect)
rCold    . . .     Faith    .   (shield currently unavailable)
rNeg     . . .     Spirit   .   (armour unavailable)
rPois    +         Reflect  .   (helmet restricted)
rElec    .         Harm     .   p - +0 cloak
rCorr    .         Rampage  .   (no gloves)
Will     .....     NoTele   +   (no boots)
Stlth    +++.......             (no amulet)
HPRegen  0.25/turn              (no ring)
MPRegen  0.20/turn              (no ring)

@: paralysed
A: breathe noxious fumes, unfitting armour, poison resistance, cold-blooded, AC
+7
a: Breathe Noxious Fumes, Renounce Religion, Channel Magic, Forget Spell, Divine
Exegesis


You were in the Dungeon.
You worshipped Sif Muna.
Sif Muna was exalted by your worship.
You visited 1 branch

Inventory:

Hand Weapons
 n - a +1 quarterstaff of protection (weapon)
 q - a +0 lajatang
 r - a +2 vorpal dire flail
Missiles
 b - 9 stones
Armour
 p - a +0 cloak (worn)
Jewellery
 l - a +3 ring of intelligence
 m - a +3 ring of strength
Scrolls
 h - a scroll of blinking
 i - 3 scrolls of remove curse
 j - 5 scrolls of amnesia
 k - a scroll of summoning
Potions
 a - 2 potions of invisibility
 c - 8 potions of curing
 d - 7 potions of heal wounds
 e - 3 potions of haste
 g - 4 potions of berserk rage
 o - 2 potions of resistance


   Skills:
 + Level 6.5 Fighting
 + Level 5.9 Staves
 + Level 5.8 Dodging
 + Level 6.3 Stealth
 + Level 11.0 Spellcasting
 + Level 7.8 Conjurations
 + Level 7.9 Transmutations
 + Level 14.4 Earth Magic
 + Level 12.5 Invocations


You had 13 spell levels left.
You knew the following spells:

 Your Spells              Type           Power        Failure   Level
a - Sandblast             Erth           100%         1%          1
b - Stone Arrow           Conj/Erth      100%         1%          3
c - Lee's Rapid Deconstr  Erth           29%          1%          5
d - Petrify               Tmut/Erth      50%          1%          4
e - Statue Form           Tmut/Erth      33%          11%         6

Your spell library contained the following spells:

 Spells                   Type           Power        Failure   Level
 Beastly Appendage        Tmut           76%          1%          1
 Sting                    Tmut/Pois      96%          1%          1
 Passwall                 Tmut/Erth      41%          1%          2
 Leda's Liquefaction      Hex/Erth       17%          3%          4
 Corona                   Hex            10%          7%          1
 Summon Small Mammal      Summ           36%          7%          1
 Ignite Poison            Fire/Tmut/Pois 19%          8%          3
 Blade Hands              Tmut           19%          8%          5
 Irradiate                Conj/Tmut      19%          8%          5
 Iskenderun's Battlesphe  Conj           38%          8%          5
 Bolt of Magma            Conj/Fire/Erth 18%          10%         5
 Slow                     Hex            9%           11%         2
 Iron Shot                Conj/Erth      25%          12%         6
 Ice Form                 Ice/Tmut       24%          14%         4
 Inner Flame              Hex/Fire       9%           22%         3
 Portal Projectile        Hex/Tloc       18%          22%         3
 Vampiric Draining        Necr           4%           22%         3
 Hydra Form               Tmut           19%          38%         6
 Cause Fear               Hex            4%           56%         4
 Orb of Destruction       Conj           19%          94%         7
 Death Channel            Necr           4%           100%        6
 Shadow Creatures         Summ           N/A          100%        6
 Simulacrum               Ice/Necr       4%           100%        6
 Haunt                    Necr/Summ      4%           100%        7
 Monstrous Menagerie      Summ           4%           100%        7
 Spellforged Servitor     Conj/Summ      12%          100%        7
 Summon Hydra             Summ           4%           100%        7
 Necromutation            Tmut/Necr      12%          100%        8
 Dragon's Call            Summ           4%           100%        9


Dungeon Overview and Level Annotations

Branches:
Dungeon (1/1)

Altars:
Ashenzari
Cheibriados
Dithmenos
Elyvilon
Fedhas
Gozag
Hepliaklqana
Kikubaaqudgha
Makhleb
Nemelex Xobeh
Okawaru
Qazlal
Ru
Sif Muna
Trog
Uskayaw
Vehumet
Wu Jian
Xom
Yredelemnul
Zin
The Shining One
Beogh
Jiyva
Lugonu


Innate Abilities, Weirdness & Mutations

You can breathe blasts of noxious fumes.
Your lurid green scales are hard. (AC +7)
You cannot fit into any form of body armour.
Your system is resistant to poisons. (rPois)
You are cold-blooded and may be slowed by cold attacks.


Message History

You kill the demonic crawler!
Sif Muna accepts your kill.
The blast of metal fragments hits something but does no damage.
The blast of metal fragments hits the great orb of eyes!!
The great orb of eyes is almost dead.
The blast of metal fragments hits the black bear!!
You kill the black bear!
Sif Muna accepts your kill.
You hear some strange, mumbled words.
The great orb of eyes gazes at you.
You suddenly lose the ability to move!
Something hits you!!
* * * LOW HITPOINT WARNING * * *
Something bites you.
* * * LOW HITPOINT WARNING * * *
Something draws strength from your injuries!
The great orb of eyes gazes at you.
You barely resist. Something hits you but does no damage. Something bites you!
You die...

.......##.)####.....##V##
V###.
.......##.).##......#..h#
..#..
#########....'......'...' .K)G
#########...##......#...# ..#
..#...[##..####.....##h## ##.#
..#..[[##..##.##..V##††.###..#
..'..))##..##..##Z##.....#...#
..#....##..# #..#G#.....)...#
..#..))##..# #.@.)†.###...##
############ ######## #####


You could see a great orb of eyes, a jiangshi (summoned) and a bat zombie
(summoned).

Vanquished Creatures
  An unseen horror (D)
  A flayed ghost (D)
  Pikel (D)
  A lindwurm (D)
  A manticore (D)
  2 deep elf magi (D)
  2 molten gargoyles (D)
  An eye of devastation (D)
  A naga mage (D)
  A kobold demonologist (D)
  An ice devil (D)
  2 trolls (D)
  A red devil (D)
  A demonic crawler (D)
  A jumping spider (D)
  A merfolk (D)
  3 polar bears (D)
  A small abomination (D)
  A spriggan (D)
  A tarantella (D)
  A fire elemental (D)
  A soldier ant (D)
  A water moccasin (D)
  A swamp drake (D)
  A black bear (D)
  An eye of draining (D)
  4 wolves (D)
  A centaur (D)
  A lemure (D)
  2 scorpions (D)
  A crimson imp (D)
  A quasit (D)
  3 orc wizards (D)
  A worker ant (D)
  A gnoll (D)
  An ooze (D)
  An adder zombie (D)
  An adder skeleton (D)
  3 leopard geckos (D)
  2 orcs (D)
  A bat skeleton (D)
  A bat zombie (D)
  A giant cockroach (D)
  3 jackals (D)
  7 kobolds (D)
  A ball python (D)
  A bat (D)
  A frilled lizard (D)
  A jackal skeleton (D)
  A leopard gecko zombie (D)
72 creatures vanquished.

Vanquished Creatures (others)
  A ball python (D)
1 creature vanquished.

Grand Total: 73 creatures vanquished

Notes
Turn   | Place    | Note
-------+----------+-------------------------------------------
     0 | D        | rocky1 the Draconian Earth Elementalist began the quest for
                  | the Orb.
     0 | D        | Reached XP level 1. HP: 14/14 MP: 3/3
    46 | D        | Found a bloodstained altar of Trog.
    46 | D        | Found a shimmering blue altar of Sif Muna.
    46 | D        | Found a viscous altar of Jiyva.
    46 | D        | Found a hazy altar of Hepliaklqana.
    46 | D        | Found an opulent altar of Gozag.
    47 | D        | Found a glowing golden altar of the Shining One.
    47 | D        | Found a glowing silver altar of Zin.
    47 | D        | Found a basalt altar of Yredelemnul.
    47 | D        | Found a shimmering altar of Xom.
    47 | D        | Found an ornate altar of the Wu Jian Council.
    47 | D        | Found a sacrificial altar of Ru.
    47 | D        | Found a stormy altar of Qazlal.
    47 | D        | Found an iron altar of Okawaru.
    47 | D        | Found a sparkling altar of Nemelex Xobeh.
    47 | D        | Found a burning altar of Makhleb.
    47 | D        | Found a blossoming altar of Fedhas.
    47 | D        | Found a white marble altar of Elyvilon.
    47 | D        | Found a shadowy altar of Dithmenos.
    47 | D        | Found a snail-covered altar of Cheibriados.
    49 | D        | Found a radiant altar of Vehumet.
    49 | D        | Found a corrupted altar of Lugonu.
    49 | D        | Found a roughly hewn altar of Beogh.
    50 | D        | Found a hide-covered altar of Uskayaw.
    50 | D        | Found an ancient bone altar of Kikubaaqudgha.
    50 | D        | Found a broken altar of Ashenzari.
    60 | D        | Became a worshipper of Sif Muna the Loreminder
    75 | D        | Reached skill level 4 in Earth Magic
   100 | D        | Reached * piety under Sif Muna
   105 | D        | Reached skill level 5 in Earth Magic
   105 | D        | Reached XP level 2. HP: 17/20 MP: 5/5
   149 | D        | Noticed a centaur
   157 | D        | Reached ** piety under Sif Muna
   158 | D        | Reached skill level 6 in Earth Magic
   222 | D        | Killed a centaur
   223 | D        | Reached skill level 9 in Earth Magic
   223 | D        | Reached XP level 3. HP: 25/26 MP: 1/6
   223 | D        | Reached XP level 4. HP: 32/33 MP: 1/7
   309 | D        | Learned a level 3 spell: Stone Arrow
   322 | D        | Noticed Pikel
   322 | D        | Noticed a lemure
   322 | D        | Noticed a lemure
   322 | D        | Noticed a lemure
   322 | D        | Noticed a lemure
   330 | D        | Killed a lemure
   334 | D        | Reached *** piety under Sif Muna
   343 | D        | Killed Pikel
   344 | D        | Reached skill level 11 in Earth Magic
   344 | D        | Reached XP level 5. HP: 35/38 MP: 2/14
   344 | D        | Reached XP level 6. HP: 41/45 MP: 2/16
   344 | D        | Your scales start taking on a lurid green colour.
   344 | D        | Reached XP level 7. HP: 46/50 MP: 2/17
   344 | D        | Gained mutation: Your system is resistant to poisons.
                  | (rPois) [Green Draconian growth]
   363 | D        | Reached **** piety under Sif Muna
   363 | D        | Noticed a deep elf mage
   371 | D        | Killed a deep elf mage
   372 | D        | Reached skill level 12 in Earth Magic
   372 | D        | Reached XP level 8. HP: 32/57 MP: 7/20
   395 | D        | Reached ***** piety under Sif Muna
   508 | D        | Learned a level 5 spell: Lee's Rapid Deconstruction
   513 | D        | Learned a level 4 spell: Petrify
   539 | D        | Identified Sif Muna's Compendium of Transformation (Sif
                  | Muna gifted it to you in the Dungeon)
   539 | D        | Received a gift from Sif Muna
   548 | D        | Learned a level 6 spell: Statue Form
   550 | D        | Noticed a naga mage
   552 | D        | Killed a naga mage
   553 | D        | Reached skill level 10 in Invocations
   618 | D        | Reached skill level 13 in Earth Magic
   696 | D        | Noticed a manticore
   696 | D        | Noticed a polar bear
   705 | D        | Killed a polar bear
   709 | D        | Killed a manticore
   710 | D        | Reached XP level 9. HP: 23/62 MP: 16/22
  1131 | D        | Noticed an ice devil
  1132 | D        | Noticed a deep elf mage
  1137 | D        | Killed an ice devil
  1137 | D        | Identified Poirrudona's Collected Works on Stolen Souls
                  | (Sif Muna gifted it to you in the Dungeon)
  1137 | D        | Received a gift from Sif Muna
  1138 | D        | Reached skill level 1 in Fighting
  1138 | D        | Reached skill level 1 in Staves
  1138 | D        | Reached skill level 5 in Conjurations
  1138 | D        | Reached skill level 5 in Transmutations
  1143 | D        | Killed a deep elf mage
  1260 | D        | Noticed an eye of devastation
  1264 | D        | Killed an eye of devastation
  1265 | D        | Reached skill level 10 in Spellcasting
  1393 | D        | Noticed a flayed ghost
  1397 | D        | Killed a flayed ghost
  1427 | D        | Reached XP level 10. HP: 78/78 MP: 14/24
  1487 | D        | Identified Sif Muna's Almanac of Companions (Sif Muna
                  | gifted it to you in the Dungeon)
  1487 | D        | Received a gift from Sif Muna
  1525 | D        | Killed an unseen horror
  1740 | D        | Reached skill level 14 in Earth Magic
  1873 | D        | Noticed a molten gargoyle
  1881 | D        | Reached skill level 5 in Stealth
  1884 | D        | Killed a molten gargoyle
  1884 | D        | Received a gift from Sif Muna
  1885 | D        | Reached skill level 5 in Fighting
  1888 | D        | Reached ****** piety under Sif Muna
  1889 | D        | Reached skill level 5 in Staves
  1991 | D        | Reached skill level 5 in Dodging
  2003 | D        | Identified Yloqeguf's Reference Book on Moulding and
                  | Slavery (Sif Muna gifted it to you in the Dungeon)
  2003 | D        | Received a gift from Sif Muna
  2228 | D        | Noticed a vampire mage
  2232 | D        | Received a gift from Sif Muna
  2234 | D        | Noticed a great orb of eyes
  2235 | D        | Noticed a lindwurm
  2240 | D        | Killed a lindwurm
  2241 | D        | Reached XP level 11. HP: 89/89 MP: 9/25
  2280 | D        | Noticed a vampire knight
  2284 | D        | Noticed a jiangshi
  2286 | D        | Paralysed by a great orb of eyes for 5 turns
  2288 | D        | Slain by a vampire knight

Illustrated notes

Levels and vault maps discovered:
D:        pitsprint [storerooms_1, entrance_room_1, metal_vault_3, armoury_1,
          mini_pit_1, grid_room_1, main_hall_1, silver_pit, the_coven_1,
          the_vestibule_1, steel_vault_3, golden_pit, hallway_of_sentries,
          crystal_vault_2, iron_vault_1, final_vault]

Skill      XL: |  1  2  3  4  5  6  7  8  9 10 11 |
---------------+----------------------------------+-----
Earth Magic    | 5 9 11 12 13 14 | 14.4
Invocations    | 7 9 11 12 | 12.5
Spellcasting   | 7 8 9 10 11 | 11.0
Conjurations   | 4 6 7 |  7.8
Transmutations | 4 6 7 |  7.9
Fighting       | 3 6 |  6.5
Staves         | 3 5 |  5.9
Dodging        | 3 5 |  5.8
Stealth        | 4 6 |  6.3

Action                   |  1- 3 |  4- 6 |  7- 9 | 10-12 || total
-------------------------+-------+-------+-------+-------++-------
Melee: Quarterstaff      |     7 |       |    17 |    10 ||    34
       Tailslap          |       |       |     1 |       ||     1
 Cast: Sandblast         |    10 |    15 |    12 |     2 ||    39
       Stone Arrow       |       |       |     3 |       ||     3
       Lee's Rapid Decon |       |       |    23 |    37 ||    60
Invok: Channel Magic     |       |       |     1 |     3 ||     4
 Abil: Breathe Noxious F |       |       |     2 |       ||     2
  Use: Potion            |     1 |     2 |     4 |     1 ||     8
Armor: Skin              |     5 |     3 |    10 |     6 ||    24
Dodge: Dodged            |    10 |     4 |    22 |    11 ||    47

Table legend: (Time is in decaauts)
 A = Elapsed time spent in this place.
 B = Non-inter-level travel time spent in this place.
 C = Inter-level travel time spent in this place.
 D = Time resting spent in this place.
 E = Time spent auto-exploring this place.
 F = Levels seen in this place.
 G = Mean time per level.
                   A        B        C        D        E       F      G
               +--------+--------+--------+--------+--------+-----+--------+
         Total |   2294 |   2294 |      0 |   1500 |      0 |   1 | 2294.0 |
       Dungeon |   2294 |   2294 |      0 |   1500 |      0 |   1 | 2294.0 |
               +--------+--------+--------+--------+--------+-----+--------+

Top non-repeatable levels by time:
       D: 2294 daAuts
